 Dungeon Crawl Stone Soup version 0.22-a0-284-g99d1f74 (webtiles) character file.

214 Amnesiac the Conjurer (level 6, -1/44 HPs)
             Began as a Human Wizard on Mar 22, 2018.
             Slain by Grinder (6 damage)
             ... on level 3 of the Dungeon.
             The game lasted 00:05:27 (4132 turns).

Amnesiac the Conjurer (Human Wizard)                Turns: 4132, Time: 00:05:28

Health: -1/44      AC:  3    Str:  7    XL:     6   Next: 14%
Magic:  0/11       EV: 12    Int: 21    God:
Gold:   109        SH:  0    Dex:  8    Spells: 1/12 levels left

rFire    . . .     SeeInvis .   t - +0 trident
rCold    . . .     Gourm    .   (no shield)
rNeg     . . .     Faith    .   a - +0 robe
rPois    .         Spirit   .   b - +0 hat
rElec    .         Reflect  .   (no cloak)
rCorr    .         Harm     .   j - +0 pair of gloves
MR       .....                  (no boots)
Stlth    ++........             (no amulet)
HPRegen  0.14/turn              m - -3 ring of dexterity
MPRegen  0.12/turn              l - ring of wizardry

@: hasted, very quick
A: no striking features
a: no special abilities


You were on level 3 of the Dungeon.
You were not hungry.

You visited 1 branch of the dungeon, and saw 4 of its levels.

You collected 109 gold pieces.

Inventory:

Hand Weapons
 c - a +1 short sword of protection
 n - a +0 hand axe
 p - a cursed -1 dagger
 t - a +0 trident (weapon)
Missiles
 e - 46 poisoned needles
 i - a throwing net (quivered)
Armour
 a - a +0 robe (worn)
 b - a +0 hat (worn)
 j - a +0 pair of gloves (worn)
Jewellery
 l - a ring of wizardry (right hand)
 m - a -3 ring of dexterity (left hand)
Scrolls
 g - a scroll of blinking {!r, unknown}
 k - a scroll of amnesia {!r}
Potions
 f - 2 potions of haste {!q}
 o - 2 potions of brilliance {!q, unknown}
 q - a potion of berserk rage {!q, unknown}
 r - a potion of resistance {!q, unknown}
 s - a potion of ambrosia {!q, unknown}
Comestibles
 d - 5 rations
 h - 3 chunks of flesh


   Skills:
 + Level 1.7 Fighting
 * Level 2.3 Dodging
 - Level 2.0 Stealth
 - Level 3.5 Spellcasting
 - Level 4.5 Conjurations
 - Level 1.0 Summonings
 - Level 1.0 Translocations


You had one spell level left.
You knew the following spells:

 Your Spells              Type           Power        Failure   Level  Hunger
a - Magic Dart            Conj           ###.         1%          1    None
b - Call Imp              Summ           #.......     5%          2    ##.....
e - Mephitic Cloud        Conj/Pois/Air  ##......     9%          3    ###....
s - Conjure Flame         Conj/Fire      ##......     6%          3    ###....
v - Blink                 Tloc           N/A          5%          2    ##.....


Dungeon Overview and Level Annotations

Branches:
Dungeon (4/15)
 Temple: D:4-7

Altars:
Vehumet
Yredelemnul
The Shining One

Annotations:
D:2 Terence
D:3 Grinder


Message History

Aiming: Magic Dart (safe; 1% risk of failure)
Press: ? - help, Shift-Dir - straight line, f/p - Grinder
Aim: Grinder (moderately wounded)
The magic dart hits Grinder.
Grinder is moderately wounded.
Grinder barely misses you.
Casting: Magic Dart (safe; 1% risk of failure)
Confirm with . or Enter, or press ? or * to list all spells.
Aiming: Magic Dart (safe; 1% risk of failure)
Press: ? - help, Shift-Dir - straight line, f/p - Grinder
Aim: Grinder (moderately wounded)
The magic dart hits Grinder.
Grinder is heavily wounded.
Grinder closely misses you.
Casting: Magic Dart (safe; 1% risk of failure)
Confirm with . or Enter, or press ? or * to list all spells.
Aiming: Magic Dart (safe; 1% risk of failure)
Press: ? - help, Shift-Dir - straight line, f/p - Grinder
Aim: Grinder (heavily wounded)
The magic dart hits Grinder.
Grinder is severely wounded.
Grinder misses you.
Casting: Magic Dart (safe; 1% risk of failure)
Confirm with . or Enter, or press ? or * to list all spells.
Aiming: Magic Dart (safe; 1% risk of failure)
Press: ? - help, Shift-Dir - straight line, f/p - Grinder
Aim: Grinder (severely wounded)
The magic dart hits Grinder.
Grinder is severely wounded.
Grinder hits you.
* * * LOW HITPOINT WARNING * * *
You writhe in agony.
* * * LOW HITPOINT WARNING * * *
Casting: Magic Dart (safe; 1% risk of failure)
Confirm with . or Enter, or press ? or * to list all spells.
Aiming: Magic Dart (safe; 1% risk of failure)
Press: ? - help, Shift-Dir - straight line, f/p - Grinder
Aim: Grinder (severely wounded)
The magic dart hits Grinder.
Grinder is severely wounded.
Grinder hits you.
* * * LOW HITPOINT WARNING * * *
Casting: Magic Dart (safe; 1% risk of failure)
Confirm with . or Enter, or press ? or * to list all spells.
You don't have enough magic to cast that spell.
You hit Grinder.
Grinder is severely wounded.
Grinder gestures at you.
You barely resist.
Casting: Magic Dart (safe; 1% risk of failure)
Confirm with . or Enter, or press ? or * to list all spells.
Aiming: Magic Dart (safe; 1% risk of failure)
Press: ? - help, Shift-Dir - straight line, f/p - Grinder
Aim: Grinder (severely wounded)
The magic dart hits Grinder.
Grinder is severely wounded.
Grinder gestures at you. Pain shoots through your body!
* * * LOW HITPOINT WARNING * * *
Really quaff
f - 3 fizzy red potions {!q}?
It was a potion of haste {!q}.
You feel yourself speed up. Grinder hits you.
* * * LOW HITPOINT WARNING * * *
You writhe in agony.
You die...

#.......# #.###.#####.#.......#.
####'#.## #..##..........._.....
#.#.# ##.##.####..#.......#.
#.#.# #..#.# ##.#.......#. #.#.#
##.#.# #.##.....##.
#.#.######...# #.####.####.
#.#.#........# #...........
#####.#.#........###########..#.#
....#...........@...............#
###.#..#.#####.#5################
..#.#..#..## #.#.#
..#...###..###.#.#
.....##.##..##.#.#
##..##...##..#.#.#
#..#'.....##...#.##
..##.......##.....#
###...._....###...#


You could see Grinder.

Vanquished Creatures
  An orc wizard (D:3)
  Natasha (D:4)
  7 adders
  3 oozes
  2 worms
  2 dart slugs
  2 leopard geckos
  5 orcs
  3 giant cockroaches
  3 goblins
  7 hobgoblins
  7 jackals
  2 quokkas
  2 ball pythons
  7 bats
  6 frilled lizards
  3 kobolds
  12 rats
75 creatures vanquished.

Notes
Turn   | Place    | Note
-------+----------+-------------------------------------------
     0 | D:1      | Amnesiac the Human Wizard began the quest for the Orb.
     0 | D:1      | Reached XP level 1. HP: 13/13 MP: 4/4
   289 | D:1      | Reached XP level 2. HP: 19/19 MP: 4/6
   339 | D:1      | Reached skill level 2 in Conjurations
   971 | D:1      | Reached XP level 3. HP: 24/24 MP: 2/7
  1149 | D:1      | Reached skill level 3 in Conjurations
  1210 | D:1      | Learned a level 2 spell: Blink
  1214 | D:1      | Learned a level 3 spell: Mephitic Cloud
  1491 | D:2      | Reached XP level 4. HP: 29/30 MP: 6/8
  1499 | D:2      | Learned a level 3 spell: Conjure Flame
  1796 | D:2      | Found a basalt altar of Yredelemnul.
  1804 | D:2      | Noticed Terence
  2265 | D:2      | Reached skill level 4 in Conjurations
  2708 | D:3      | Reached XP level 5. HP: 35/35 MP: 0/9
  3162 | D:3      | Found a radiant altar of Vehumet.
  3169 | D:3      | Learned a level 2 spell: Call Imp
  3806 | D:3      | Reached skill level 1 in Fighting
  3885 | D:3      | Found a glowing golden altar of the Shining One.
  3990 | D:3      | Reached XP level 6. HP: 43/43 MP: 8/11
  4098 | D:4      | Noticed Natasha
  4103 | D:4      | Killed Natasha
  4119 | D:4      | Noticed Grinder
  4132 | D:3      | Slain by Grinder

Vault maps used:
D:1:      onia_arrival_handbag
D:2:      lemuel_doored_altar, first_ration, minivault_26, minmay_tromino_v4_c,
          uniq_terence
D:3:      old_standard_altar, tso_metal_star
D:4:      kennysheep_mini_moat, uniq_natasha, uniq_edmund, uniq_grinder

Skill      XL: |  1  2  3  4  5 |
---------------+----------------+-----
Conjurations   | 2 3 4 |  4.5
Fighting       | 1 |  1.7
Dodging        | |  2.3
Stealth        | |  2.0
Spellcasting   | |  3.5
Summonings     | |  1.0
Translocations | |  1.0

Action                   |  1- 3 |  4- 6 || total
-------------------------+-------+-------++-------
Melee: Unarmed           |    28 |       ||    28
       Hand axe          |     4 |    21 ||    25
       Trident           |       |    13 ||    13
 Cast: Magic Dart        |    78 |   114 ||   192
       Mephitic Cloud    |       |     7 ||     7
  Use: Scroll            |     1 |     4 ||     5
       Potion            |       |     1 ||     1
 Stab: Confused          |       |     4 ||     4
  Eat: Chunk             |     2 |     8 ||    10
Armor: Robe              |    13 |     4 ||    17
Dodge: Dodged            |    39 |    26 ||    65

Table legend:
 A = Spawn XP
 B = Non-spawn XP
 C = Spawn XP percentage of total XP
 D = Spawn monster count
 E = Non-spawn monster count
 F = Spawn count percentage of total count
 G = Total turns spent on level
                    A         B        C        D         E        F      G
               +---------+---------+-------+---------+---------+-------+---------
         Total |       0 |     306 |   0.0 |       0 |      75 |   0.0 |  4132
               +---------+---------+-------+---------+---------+-------+---------
           D:1 |       0 |      45 |   0.0 |       0 |      22 |   0.0 |  1215
           D:2 |       0 |      89 |   0.0 |       0 |      23 |   0.0 |  1791
           D:3 |       0 |     136 |   0.0 |       0 |      29 |   0.0 |  1103
           D:4 |       0 |      36 |   0.0 |       0 |       1 |   0.0 |    23
               +---------+---------+-------+---------+---------+-------+---------
